 Dungeon Crawl Stone Soup version 0.30-a0-165-g1891117ce2 (webtiles) character file.

Game seed: 6446748601713529356

6994 Pooter the Cleaver (level 10, -2/94 HPs)
             Began as a Minotaur Fighter on Sept 28, 2022.
             Was a High Priest of Okawaru.
             Slain by Erolcha
             ... wielding a +0 giant spiked club
              (12 damage)
             ... on level 9 of the Dungeon on Sept 29, 2022.
             The game lasted 00:50:10 (10952 turns).

Pooter the Cleaver (Minotaur Fighter)              Turns: 10952, Time: 00:50:11

Health: -2/94      AC:  7    Str: 24    XL:     10   Next: 81%
Magic:  14/14      EV:  6    Int:  5    God:    Okawaru [*****.]
Gold:   237        SH:  8    Dex: 11    Spells: 9/9 levels left

rFire   . . .      SeeInvis .    a - +1 war axe (venom)
rCold   + . .      Faith    +    h - +0 kite shield
rNeg    . . .      Spirit   .    O - +0 ring mail {Will+}
rPois   .          Reflect  .    (helmet restricted)
rElec   .          Harm     .    (no cloak)
rCorr   .          Rampage  .    M - +0 pair of gloves
Will    ++...                    (no boots)
Stlth   +.........               s - amulet of faith {!P}
HPRegen 0.25/turn                I - ring of protection from cold
MPRegen 0.14/turn                i - ring of willpower

@: grasped by roots, constricted
A: horns 2, retaliatory headbutt
a: Renounce Religion, Heroism, Finesse, Duel


You were on level 9 of the Dungeon.
You worshipped Okawaru.
Okawaru was extremely pleased with you.
You visited 1 branch of the dungeon, and saw 9 of its levels.

You collected 440 gold pieces.
You spent 203 gold pieces at shops.

Inventory:

Hand Weapons
 a - a +1 war axe of venom (weapon)
 b - a +0 flail of holy wrath
   (You took it off an orc on level 7 of the Dungeon)
 r - a +0 trident
   (You found it on level 3 of the Dungeon)
 y - the +6 dagger "Amaotie" {drain, rC- rCorr Int+3 SInv}
   (You found it on level 4 of the Dungeon)

   A truly terrible weapon, it drains the life of any living foe it strikes.
   Int:       It affects your intelligence (+3).
   rC:        It makes you vulnerable to cold.
   SInv:      It lets you see invisible.
   rCorr:     It protects you from acid and corrosion.
 z - a +4 flail of venom
   (You took it off a gnoll on level 6 of the Dungeon)
 A - a +0 morningstar
   (You took it off an orc on level 4 of the Dungeon)
 J - a +0 shortbow
   (You took it off a centaur on level 5 of the Dungeon)
 R - a +1 halberd of flaming
   (You took it off a gnoll on level 6 of the Dungeon)
 Y - the +2 hand axe of Unreason {freeze, rC+ rN+}
   (You found it on level 8 of the Dungeon)

   It freezes those it strikes, dealing additional cold damage.
   It can also slow down cold-blooded creatures.
   rC:        It protects you from cold.
   rN:        It protects you from negative energy.
Missiles
 c - 4 atropa-tipped darts
 K - 3 throwing nets {!f}
 Q - 52 stones (quivered)
 U - 3 boomerangs
Armour
 h - a +0 kite shield (worn)
   (You found it on level 1 of the Dungeon)
 w - the +1 leather armour of Ignis's Regard {Fly rPois rF+}
   (You found it on level 4 of the Dungeon)

   rF:        It protects you from fire.
   rPois:     It protects you from poison.
   Fly:       It grants you flight.
 M - a +0 pair of gloves (worn)
   (You found it on level 5 of the Dungeon)
 O - a +0 ring mail of willpower (worn)
   (You took it off an orc on level 4 of the Dungeon)
 P - a +0 chain mail
   (You took it off an orc on level 5 of the Dungeon)
Jewellery
 i - a ring of willpower (right hand)
   (You found it on level 6 of the Dungeon)
 s - an amulet of faith (around neck) {!P}
   (You found it on level 3 of the Dungeon)
 C - a ring of resist corrosion
   (You took it off a centaur on level 5 of the Dungeon)
 I - a ring of protection from cold (left hand)
   (You found it on level 1 of the Dungeon)
 S - a ring of flight
   (You found it on level 6 of the Dungeon)
Wands
 g - a wand of polymorph (8)
   (You found it on level 6 of the Dungeon)
 u - a wand of paralysis (7)
   (You found it on level 8 of the Dungeon)
 v - a wand of roots (14)
   (You took it off Natasha on level 3 of the Dungeon)
 x - a wand of acid (7)
   (You found it on level 4 of the Dungeon)
 D - a wand of mindburst (20)
   (You took it off an orc priest on level 4 of the Dungeon)
Scrolls
 f - a scroll of enchant armour
 j - a scroll of silence
 k - 4 scrolls of poison {!r}
 o - a scroll of immolation {!r}
 q - 2 scrolls of amnesia
 F - a scroll of torment {!r}
 L - a scroll of noise {!r}
Potions
 d - 2 potions of might
 e - a potion of berserk rage {unknown}
 l - a potion of cancellation {unknown}
 m - 2 potions of haste {@q3}
 n - 2 potions of attraction {unknown}
 p - 3 potions of brilliance
 B - 4 potions of flight
 E - 2 potions of curing {unknown}
 G - 3 potions of mutation {!q}
 H - a potion of lignification {unknown}
 V - a potion of resistance {unknown}
 W - a potion of ambrosia {unknown}


   Skills:
 + Level 10.7 Fighting
 * Level 14.2 Axes
 - Level 4.0 Armour
 - Level 4.0 Shields
 + Level 7.9 Invocations


You had 9 spell levels left.
You didn't know any spells.
Your spell library contained the following spells:

 Spells                   Type           Power      Damage    Failure   Level
 Cigotuvi's Dreadful Rot  Necr/Pois/Air  0%         N/A       98%         2
 Ensorcelled Hibernation  Hex/Ice        0%         N/A       98%         2
 Poisonous Vapours        Pois/Air       0%         N/A       98%         2
 Ozocubu's Armour         Ice            0%         N/A       100%        3
 Spider Form              Tmut/Pois      0%         N/A       100%        3
 Anguish                  Hex/Necr       0%         N/A       100%        4
 Passage of Golubria      Tloc           0%         N/A       100%        4
 Silence                  Hex/Air        0%         N/A       100%        5
 Ozocubu's Refrigeration  Ice            0%         4d7       100%        7
 Lehudib's Crystal Spear  Conj/Erth      0%         10d2      100%        8


Dungeon Overview and Level Annotations

Branches:
Dungeon (9/15)             Temple (0/1) D:5            Lair (0/5) D:8
    Orc: D:9-12

Altars:
Ashenzari
Cheibriados
Dithmenos
Elyvilon
Fedhas
Okawaru

Shops:
D:5 *

Annotations:
D:4 1 runed translucent door, Crazy Yiuf
D:9 Erolcha


Innate Abilities, Weirdness & Mutations

You have a pair of horns on your head.
You reflexively headbutt those who attack you in melee.


Message History

Erolcha the Cunning comes into view.
She is wielding a +0 giant spiked club and carrying a wand of roots (8).
Erolcha shouts!
You hit the cyclops but do no damage.
The cyclops is poisoned.
You headbutt the cyclops.
Erolcha zaps a wand.
The roots erupt in riotous growth!
The cyclops is unaffected.
The grasping roots grab you! The grasping roots constrict you.
You hear a shout!
You slice the cyclops!!
The cyclops looks as sick as possible!
You headbutt the cyclops. The cyclops hits you!
You hit the cyclops but do no damage.
The cyclops looks as sick as possible!
The grasping roots constrict you.
The grasping roots release their grip on you.
Unknown command.
You hit the cyclops. You block the cyclops's attack.
You slash the cyclops!
The cyclops looks as sick as possible!
The cyclops hits you!!
* * * LOW HITPOINT WARNING * * *
You hit the cyclops but do no damage.
The cyclops looks as sick as possible!
Unknown command.
You hit the cyclops.
The cyclops looks as sick as possible!
You headbutt the cyclops.
You kill the cyclops!
Okawaru is honoured by your kill.
The roots erupt in riotous growth!
Roots grab Erolcha.
The grasping roots constrict Erolcha.
Erolcha mumbles some strange words.
Erolcha struggles to blink free from constriction.
You slice Erolcha!!
You feel like a meek peon again.
The grasping roots constrict Erolcha.
Erolcha hits you with a +0 giant spiked club!!!
* * * LOW HITPOINT WARNING * * *
You hit Erolcha.
Erolcha is poisoned.
The grasping roots constrict Erolcha.
The roots release their grip on Erolcha.
Unknown command.
You hit Erolcha.
Erolcha looks as sick as possible!
Erolcha screams, "Erolcha kill you!"
Erolcha zaps a wand.
The roots erupt in riotous growth!
The grasping roots grab you!
Erolcha is unaffected.
The grasping roots constrict you.
* * * LOW HITPOINT WARNING * * *
You hit Erolcha but do no damage. Your headbutt misses Erolcha.
Erolcha hits you with a +0 giant spiked club!
You die...

...............#...[...
#..............##..#...
#..............##..####
............$.# #..##
#...........## #...#
#.......### ##..#
##.....## #..# #
#.O.### #..### #.@##
#...#. ##..# #.....


BD. #..## #..... ..## #...# ##.... ..### #...# #.o.. #B..# #...# ##....
##...####... ##..o.. ##§§..§# #.... #...))) ##§§§††§§#####.. ##...... You could
see Erolcha (extremely poisoned).

Vanquished Creatures
  A cyclops (D:9)
  Psyche (D:9)
  A troll (D:9)
  Sigmund (D:5)
  4 wyverns (D:8)
  4 yaks (D:8)
  4 steam dragons
  3 water moccasins
  A sky beast (D:7)
  3 black bears
  3 orc warriors
  3 ogres
  3 centaurs
  4 phantoms
  2 elf zombies (D:8)
  An elf skeleton (D:8)
  A kobold brigand (D:7)
  A bullfrog (D:7)
  4 scorpions
  A gnoll sergeant (D:6)
  12 killer bees
  A human zombie (D:8)
  4 hounds (D:5)
  4 gnoll boudas
  7 orc priests
  A human skeleton (D:8)
  6 iguanas
  11 orc wizards
  Natasha (thrice) (D:3)
  23 gnolls
  5 adders
  A shadow imp (D:6)
  A worm (D:5)
  4 dart slugs
  41 orcs
  4 endoplasms
  2 giant cockroaches (D:3)
  5 goblins
  3 hobgoblins
  7 jackals
  12 kobolds
  4 quokkas
  4 ball pythons
  7 bats
  8 frilled lizards
  5 orc skeletons (D:8)
  An orc zombie (D:8)
  3 rats
235 creatures vanquished.

Vanquished Creatures (others)
  5 fungi
  11 plants
16 creatures vanquished.

Grand Total: 251 creatures vanquished

Notes
Turn   | Place    | Note
-------+----------+-------------------------------------------
     0 | D:1      | Pooter the Minotaur Fighter began the quest for the Orb.
     0 | D:1      | Reached XP level 1. HP: 19/19 MP: 0/0
   250 | D:1      | Reached XP level 2. HP: 27/27 MP: 1/1
   259 | D:1      | Reached skill level 3 in Axes
  1114 | D:2      | Reached XP level 3. HP: 31/33 MP: 2/2
  1577 | D:2      | Reached skill level 4 in Axes
  1889 | D:3      | Reached XP level 4. HP: 40/40 MP: 3/3
  1899 | D:3      | Found an iron altar of Okawaru.
  1904 | D:3      | Became a worshipper of Warmaster Okawaru
  1950 | D:3      | Noticed Natasha
  1956 | D:3      | Killed Natasha
  2297 | D:3      | Noticed Natasha
  2309 | D:3      | Killed Natasha
  2310 | D:3      | Reached skill level 5 in Axes
  2310 | D:3      | Reached XP level 5. HP: 18/47 MP: 4/4
  2637 | D:3      | Noticed Natasha
  2650 | D:3      | Killed Natasha
  2894 | D:4      | Identified the +1 leather armour of Ignis's Regard {Fly
                  | rPois rF+}
  2940 | D:4      | Identified the +6 dagger "Amaotie" {drain, rC- rCorr Int+3
                  | SInv}
  2961 | D:4      | Found a broken altar of Ashenzari.
  2961 | D:4      | Noticed an ogre
  2967 | D:4      | Killed an ogre
  2968 | D:4      | Reached skill level 5 in Fighting
  2968 | D:4      | Reached skill level 1 in Invocations
  2968 | D:4      | Reached XP level 6. HP: 33/56 MP: 5/5
  3134 | D:4      | Found a snail-covered altar of Cheibriados.
  3163 | D:4      | Reached skill level 6 in Axes
  3165 | D:4      | Reached * piety under Okawaru
  3640 | D:4      | Found a runed translucent door.
  3641 | D:4      | Noticed Crazy Yiuf
  4196 | D:5      | Entered Level 5 of the Dungeon
  4224 | D:5      | Found Bafreo's Assorted Antiques.
  4246 | D:5      | Reached XP level 7. HP: 35/62 MP: 5/7
  4249 | D:5      | Reached skill level 7 in Axes
  4526 | D:5      | Bought 2 yellow potions for 41 gold pieces
  4526 | D:5      | Bought a wand of mindburst (3) for 96 gold pieces
  4526 | D:5      | Bought a scroll of identify for 46 gold pieces
  4526 | D:5      | Bought a pink potion for 20 gold pieces
  4992 | D:4      | Reached skill level 8 in Axes
  5136 | D:5      | Found a blossoming altar of Fedhas.
  5151 | D:5      | Reached ** piety under Okawaru
  5237 | D:5      | Reached XP level 8. HP: 49/71 MP: 9/9
  5413 | D:5      | Noticed Sigmund
  5427 | D:5      | Killed Sigmund
  5428 | D:5      | Reached skill level 9 in Axes
  5682 | D:5      | You fall into a shaft and drop 2 floors!
  5720 | D:7      | Reached *** piety under Okawaru
  5907 | D:7      | Reached skill level 10 in Axes
  6208 | D:6      | Reached skill level 5 in Invocations
  6299 | D:6      | Reached XP level 9. HP: 80/81 MP: 11/11
  6453 | D:5      | Found a staircase to the Ecumenical Temple.
  6938 | D:6      | Reached skill level 11 in Axes
  7285 | D:7      | Reached **** piety under Okawaru
  7798 | D:7      | Found a white marble altar of Elyvilon.
  8116 | D:7      | Reached skill level 12 in Axes
  8596 | D:7      | Reached ***** piety under Okawaru
  8935 | D:8      | Reached XP level 10. HP: 64/91 MP: 10/13
  8963 | D:8      | Found a staircase to the Lair.
  9549 | D:8      | Identified the +2 hand axe of Unreason {freeze, rC+ rN+}
  9691 | D:8      | Reached skill level 13 in Axes
  9772 | D:8      | Reached skill level 10 in Fighting
 10268 | D:9      | Noticed a cyclops
 10537 | D:9      | Found a shadowy altar of Dithmenos.
 10543 | D:9      | Noticed Psyche
 10555 | D:9      | Killed Psyche
 10570 | D:9      | Noticed a boulder beetle
 10933 | D:9      | Reached skill level 14 in Axes
 10940 | D:9      | Noticed Erolcha
 10947 | D:9      | Killed a cyclops
 10952 | D:9      | Slain by Erolcha

Illustrated notes

Levels and vault maps discovered:
D:1:      heliophobic_arrival_glass_houses, layout_basic, minmay_liquid_box,
          minmay_shallow_snake_nest
D:2:      layout_loops_ring, minmay_lizard_king
D:3:      layout_basic, hellmonk_okawaru_the_only_friend_you_need, uniq_natasha
D:4:      layout_loops_cross, mainiacjoe_overflow_alcove_2,
          mainiacjoe_overflow_six_doors_small, kennysheep_generic_room_9,
          uniq_crazy_yiuf_cottage
D:5:      layout_basic, fedhas_bush_and_centaur_altar,
          minmay_temple_entry_enclosed_plants, serial_shops, shop_fountains,
          sigmund_army
D:6:      layout_rooms
D:7:      layout_rooms, elyvilon_altar_3, serial_co_window_serial,
          co_window_paths_a, co_window_cross_1, co_window_corner_a,
          co_window_of_opportunity_a, co_window_corner_a, co_window_paths_a,
          co_window_of_opportunity_a, co_window_2corner,
          co_window_of_opportunity_c, co_window_broadway_b, co_window_2corner,
          co_window_cross_3, co_window_2corner, glass_columns_b,
          glass_columns_c, glass_columns_b
D:8:      layout_basic, minmay_lair_entry_grove, nicolae_ossuary_entry_catacombs
D:9:      layout_cave_pods, nicolae_dithmenos_the_darkroom,
          mainiacjoe_overflow_24_doors, uniq_psyche, uniq_erolcha, uniq_grum

Skill      XL: |  1  2  3  4  5  6  7  8  9 10 |
---------------+-------------------------------+-----
Axes           | 3 4 5 6 8 10 12 14 | 14.2
Fighting       | 4 5 6 8 9 10 | 10.7
Armour         | 4 |  4.0
Shields        | 4 |  4.0
Invocations    | 1 2 3 5 6 7 |  7.9

Action                   |  1- 3 |  4- 6 |  7- 9 | 10-12 || total
-------------------------+-------+-------+-------+-------++-------
Melee: War axe           |    78 |   103 |   222 |   131 ||   534
       Headbutt          |     8 |    12 |    56 |    25 ||   101
       Dagger            |       |       |    20 |     1 ||    21
Throw: Dart              |       |     5 |     3 |       ||     8
       Stone             |       |       |     6 |       ||     6
Invok: Heroism           |       |     1 |    15 |     7 ||    23
Evoke: Wand              |       |     3 |    10 |     7 ||    20
  Use: Scroll            |     2 |     4 |    10 |     8 ||    24
       Potion            |       |       |     1 |     1 ||     2
Armor: Scale mail        |    43 |    19 |       |       ||    62
       Leather armour    |       |     6 |     8 |       ||    14
       Ring mail         |       |       |    78 |    27 ||   105
Dodge: Dodged            |    37 |    29 |    99 |    48 ||   213
Block: Kite shield       |    17 |    38 |   127 |    56 ||   238
       Buckler           |     4 |       |       |       ||     4

Table legend: (Time is in decaauts)
 A = Elapsed time spent in this place.
 B = Non-inter-level travel time spent in this place.
 C = Inter-level travel time spent in this place.
 D = Time resting spent in this place.
 E = Time spent auto-exploring this place.
 F = Levels seen in this place.
 G = Mean time per level.
                   A        B        C        D        E       F      G
               +--------+--------+--------+--------+--------+-----+--------+
         Total |  11012 |  10700 |    312 |   3110 |   5557 |   9 | 1223.6 |
       Dungeon |  11012 |  10700 |    312 |   3110 |   5557 |   9 | 1223.6 |
               +--------+--------+--------+--------+--------+-----+--------+

Top non-repeatable levels by time:
     D:7: 1774 daAuts
     D:4: 1688 daAuts
     D:5: 1649 daAuts
     D:8: 1621 daAuts
     D:3: 1164 daAuts
     D:1: 992 daAuts
     D:2: 779 daAuts
     D:6: 719 daAuts
     D:9: 624 daAuts
